 Dungeon Crawl Stone Soup version 0.21.0-3-g78d12a8 (webtiles) character file.

32 tidbits the Conjurer (level 3, -6/18 HPs)
             Began as a Vine Stalker Conjurer on Jan 10, 2018.
             Killed from afar by an electric eel (10 damage)
             ... with a bolt of electricity
             ... on level 3 of the Dungeon.
             The game lasted 00:04:07 (604 turns).

tidbits the Conjurer (Vine Stalker Conjurer)         Turns: 604, Time: 00:04:08

Health: -6/18      AC:  3    Str: 11    XL:     3   Next: 27%
Magic:  0/7        EV: 11    Int: 15    God:
Gold:   0          SH:  0    Dex: 14    Spells: 5/6 levels left

rFire    . . .     SeeInvis .   f - +1 dagger
rCold    . . .     Gourm    .   (no shield)
rNeg     . . .     Faith    .   B - +0 leather armour
rPois    .         Spirit   +   (no helmet)
rElec    .         Reflect  .   (no cloak)
rCorr    .         Harm     .   (no gloves)
MR       .....     Rnd*Tele +   (no boots)
Stlth    ++........             (no amulet)
HPRegen  0.06/turn              e - ring of teleportation (curse)
MPRegen  0.10/turn              (no ring)

@: hasted, very quick
A: fangs 2, magic shield, antimagic bite, no potion heal 3, rot immunity
a: no special abilities


You were on level 3 of the Dungeon.
You were not hungry.

You visited 1 branch of the dungeon, and saw 3 of its levels.

Inventory:

Hand Weapons
 f - a +1 dagger (weapon)
Missiles
 d - 17 bolts
Armour
 a - a +0 robe
 B - a +0 leather armour (worn)
Jewellery
 e - a cursed ring of teleportation (left hand)
   (You found it on level 2 of the Dungeon)
Wands
 m - a wand of flame (31)
Scrolls
 j - a scroll of fog
Potions
 h - a potion of berserk rage {unknown}
 i - a potion of heal wounds {unknown}
 k - a potion of haste
 l - a potion of might
Books
 b - a book of Conjurations

   Spells                             Type                      Level
   a - Magic Dart                     Conjuration                  1
   b - Searing Ray                    Conjuration                  2
   c - Dazzling Spray                 Conjuration/Hexes            3
   d - Fulminant Prism                Conjuration/Hexes            4
   e - Force Lance                    Conjuration/Translocation    4
   f - Iskenderun's Mystic Blast      Conjuration                  4
Comestibles
 c - 3 rations
 g - a chunk of flesh


   Skills:
 - Level 1.6 Fighting
 - Level 1.5 Dodging
 - Level 3.7 Stealth
 - Level 2.1 Spellcasting
 - Level 4.0 Conjurations
 + Level 0.0 Evocations


You had 5 spell levels left.
You knew the following spells:

 Your Spells              Type           Power        Failure   Level  Hunger
a - Magic Dart            Conj           ##..         5%          1    #......


Dungeon Overview and Level Annotations

Branches:
Dungeon (3/15)

Altars:
Ashenzari
Trog
The Shining One

Annotations:
D:2 Natasha
D:3 1 transporter


Innate Abilities, Weirdness & Mutations

You have extremely sharp teeth.
When hurt, damage is shared between your health and your magic reserves.
Your bite disrupts and absorbs the magic of your enemies.
Potions cannot restore your health.
You are immune to rotting.


Message History

B - a +0 leather armour (worn)
There is a stone staircase leading down, spattered with blood here.
You climb downwards.
Level annotation: Natasha
There is a stone staircase leading up here.
Unknown command.
Some of the chunks of flesh in your inventory have rotted away.
The helpless bat fails to defend itself.
You puncture the bat!
You kill the bat!
There is a stone staircase leading up here.
You see here an amethyst potion.
k - 2 amethyst potions (gained 1)
The helpless dart slug fails to defend itself.
You puncture the dart slug!
You kill the dart slug!
Found a fizzy white potion.
You enter a teleport trap!
The teleport trap disappears.
Your surroundings suddenly seem different.
Unknown command.
Okay, then.
There is a stone staircase leading down here.
You climb downwards.
Found a whip.
There is a stone staircase leading up here.
Unknown command.
Found a cyan potion and 9 gold pieces.
There is a stone staircase leading up here.
l - a cyan potion
Found 19 arrows.
Found a stone staircase leading down.
An adder comes into view.
You are suddenly yanked towards some nearby monsters!
Your surroundings suddenly seem different.
Found a purple potion.
Found a stone staircase leading down and a stone staircase leading up.
An ooze and a kobold come into view.
An ooze comes into view.
You open the large door.
Found two altars.
Unknown command.
The helpless ooze fails to defend itself.
You puncture the ooze!
The ooze is almost dead.
The ooze closely misses you.
You hit the ooze.
The ooze is almost dead.
The ooze barely misses you.
You hit the ooze.
You kill the ooze!
Found 16 stones.
Found a stone staircase leading down.
Found a leatherbound book.
Found a transporter.
Found a ration.
There is a transporter landing site here.
c - 3 rations (gained 1)
Found a wand of flame (34).
Found a transporter.
Found a scroll labeled SATESIK FAHURO.
Found 16 gold pieces.
m - a scroll labeled SATESIK FAHURO
As you read the scroll labeled SATESIK FAHURO, it crumbles to dust.
It is a scroll of identify.
l - a potion of might It was a potion of haste.
You feel yourself speed up.
There is a transporter here.
You enter the transporter and appear at another place.
m - a wand of flame (34)
There are no items here.
As you open the door, it creaks loudly!
The electric eel shoots out a bolt of lightning at you!
The bolt of electricity hits you!
The bolt of electricity hits the plant. x2
Evoke which item? (* to show all) (? for menu, Esc to quit)
Aiming: Throw Flame
Press: ? - help, Shift-Dir - straight line, f - electric eel
Aim: an electric eel The puff of flame misses the electric eel.
The electric eel is engulfed in a cloud of scalding steam.
The electric eel shoots out a bolt of lightning at you!
The bolt of electricity hits you!
* * * LOW HITPOINT WARNING * * *
The bolt of electricity hits the plant. x2
Evoke which item? (* to show all) (? for menu, Esc to quit)
Okay, then.
Evoke which item? (* to show all) (? for menu, Esc to quit)
Aiming: Throw Flame
Press: ? - help, Shift-Dir - straight line, f/p - electric eel
Aim: an electric eel (steam, lightly wounded)
The puff of flame misses the electric eel.
Evoke which item? (* to show all) (? for menu, Esc to quit)
Aiming: Throw Flame
Press: ? - help, Shift-Dir - straight line, f/p - electric eel
Aim: an electric eel (steam, lightly wounded)
The puff of flame hits the electric eel.
The electric eel is severely wounded.
The electric eel is engulfed in a cloud of scalding steam.
The electric eel shoots out a bolt of lightning at you!
The bolt of electricity hits you!
Ouch! That really hurt!
You die...

###################
#.................#
#.###############.#
##.#8P#;≈≈≈≈≈≈#P8#.##
##..#..#.......#..#..##
#####..©#©.'...⌠...+:©#©..#
####.......#.@#.......#..#...#
#..........#8P#;≈≈≈≈≈≈#P8#...#
#...##..###..###############..##
.. ##.# #...................#
#.# #...##..#..(........#
......### #$#..........##
......# ...........## .......#
##.........## .......
#..........###


You could see 2 electric eels.

Vanquished Creatures
  An ooze (D:3)
  2 dart slugs
  2 leopard geckos
  A bat (D:2)
  A giant cockroach (D:1)
  2 goblins (D:1)
  2 hobgoblins
  6 jackals (D:1)
  2 rats (D:1)
19 creatures vanquished.

Notes
Turn   | Place    | Note
-------+----------+-------------------------------------------
     0 | D:1      | tidbits the Vine Stalker Conjurer began the quest for the Orb.
     0 | D:1      | Reached XP level 1. HP: 9/9 MP: 4/4
    74 | D:1      | Found a shattered altar of Ashenzari.
    90 | D:1      | Reached skill level 3 in Stealth
    90 | D:1      | Reached XP level 2. HP: 8/14 MP: 4/6
    92 | D:1      | Reached skill level 1 in Fighting
   239 | D:2      | Noticed Natasha
   481 | D:1      | Reached XP level 3. HP: 14/18 MP: 7/7
   540 | D:3      | Found a glowing golden altar of the Shining One.
   540 | D:3      | Found a bloodstained altar of Trog.
   555 | D:3      | Found a transporter.
   575 | D:3      | Found a transporter.
   604 | D:3      | Killed from afar by an electric eel

Skill      XL: |  1  2 |
---------------+-------+-----
Stealth        | 3 |  3.7
Fighting       | 1 |  1.6
Dodging        | |  1.5
Spellcasting   | |  2.1
Conjurations   | |  4.0

Action                   || total
-------------------------++-------
Melee: Unarmed           ||    15
       Dagger            ||    34
       Bite              ||    12
 Cast: Magic Dart        ||     9
Evoke: Wand              ||     3
  Use: Scroll            ||     6
       Potion            ||     1
 Stab: Sleeping          ||     4
Armor: Robe              ||     7
Dodge: Dodged            ||    37

Table legend:
 A = Turns spent in this place as a percentage of turns spent in the entire game.
 B = Non-inter-level travel turns spent in this place as a percentage of non-inter-level travel turns spent in the entire game.
 C = Inter-level travel turns spent in this place as a percentage of turns spent in this place.
 D = Turns resting spent in this place as a percentage of non-inter-level travel turns spent in this place.
 E = Turns spent auto-exploring this place as a percentage of non-inter-level travel turns spent in this place.
 F = Non-inter-level travel turns spent in this place divided by the number of levels of this place that you've seen.
                   A       B       C       D       E      F
               +-------+-------+-------+-------+-------+----------------------
         Total | 100.0 | 100.0 |  11.8 |   0.0 |   0.0 | 177.7
       Dungeon | 100.0 | 100.0 |  11.8 |   0.0 |   0.0 | 177.7
               +-------+-------+-------+-------+-------+----------------------

Table legend:
 A = Kills in this place as a percentage of kills in entire the game.
 B = Kills by you in this place as a percentage of kills by you in the entire game.
 C = Kills by friends in this place as a percentage of kills by friends in the entire game.
 D = Other kills in this place as a percentage of other kills in the entire game.
 E = Experience gained in this place as a percentage of experience gained in the entire game.
 F = Experience gained in this place divided by the number of levels of this place that you have seen.
                   A       B       C       D       E      F
               +-------+-------+-------+-------+-------+----------------------
         Total | 100.0 | 100.0 |   N/A |   N/A | 100.0 |  15.7
       Dungeon | 100.0 | 100.0 |   N/A |   N/A | 100.0 |  15.7
               +-------+-------+-------+-------+-------+----------------------

Vault maps used:
D:1:      dpeg_arrival_ternary, ashenzari_altar_1
D:2:      minmay_pentomino_v2, uniq_natasha
D:3:      gammafunk_steamed_eel, gammafunk_temple_overflow_wave, first_ration,
          uniq_grinder
